 Dungeon Crawl Stone Soup version 0.32-a0-768-g0f6f1dd4b9 (webtiles) character file.

Game seed: 15369879664355274629

2765 ezpacito the Chopper (level 9, 0/69 HPs)
             Began as a Coglin Chaos Knight on Mar 18, 2024.
             Was a Plaything of Xom.
             Succumbed to a water moccasin's poison
             ... on level 6 of the Dungeon.
             The game lasted 00:07:16 (6213 turns).

ezpacito the Chopper (Coglin Chaos Knight)          Turns: 6213, Time: 00:07:16

Health: 0/69       AC: 10    Str: 21    XL:     9   Next: 69%
Magic:  13/13      EV: 11    Int: 10    God:    Xom [....*.]
Gold:   334        SH:  0    Dex: 13    Spells: 2/13 levels left

rFire   + + .        a - +0 hand axe (chaos) {Nozipho}
rCold   . . .        D - +2 trident (vamp) {Li}
rNeg    . . .        F - +2 ring mail {rF+}
rPois   .            (no helmet)
rElec   +            E - +0 cloak
rCorr   .            g - +0 pair of gloves
SInv    .            (no boots)
Will    .....        (amulet unavailable)
Stlth   ++           (ring unavailable)
HPRegen 0.31/turn    (ring unavailable)
MPRegen 0.13/turn    (no gizmo)

%: no passive effects
@: lethally poisoned (0 -> -19)
A: off-hand wielding, slow wielding, warmup strikes, no jewellery, fire
resistance 1, electricity resistance, strong 1, MP-powered wands
a: Invent Gizmo, Renounce Religion


You were on level 6 of the Dungeon.
You worshipped Xom.
You were a beloved toy of Xom.
You visited 1 branch of the dungeon, and saw 7 of its levels.

You collected 334 gold pieces.

Inventory:

Hand Weapons
 a - a +0 hand axe of chaos (weapon) {Nozipho}
 f - a +0 war axe {Iseul}
 D - a +2 vampiric trident (offhand) {Li}
Missiles
 d - 3 atropa-tipped darts
 m - 17 curare-tipped darts (quivered)
 s - 40 poisoned darts
Armour
 g - a +0 pair of gloves (worn)
 E - a +0 cloak (worn)
 F - a +2 ring mail of fire resistance (worn)
Magical Staves
 C - a staff of cold
Talismans
 w - a granite talisman
Wands
 u - a wand of roots (16)
 v - a wand of flame (28)
Scrolls
 c - a scroll of summoning {unknown}
 e - 2 scrolls of amnesia {unknown}
 j - a scroll of revelation
 n - 2 scrolls of blinking {unknown}
 o - 3 scrolls of teleportation {unknown}
 q - a scroll of noise {unknown}
 x - a scroll of brand weapon {unknown}
 y - a scroll of immolation {unknown}
 B - a scroll of enchant weapon {unknown}


   Skills:
 * Level 6.0 Fighting
 * Level 6.0(6.5) Axes
 + Level 3.2(4.8) Polearms
 * Level 5.2 Armour
 * Level 4.8 Dodging
 + Level 3.0 Stealth
 + Level 2.8 Spellcasting
 + Level 1.7 Alchemy
 + Level 3.8 Evocations


You had 2 spell levels left.
You knew the following spells:

 Your Spells              Type           Power      Damage    Failure   Level
a - Sting                 Conj/Alch      12%        1d3       30%         1
b - Mercury Vapours       Alch/Air       6%         N/A       43%         2
c - Fulminant Prism       Conj/Alch      1%         3d5       97%         4
d - Olgreb's Toxic Radia  Alch           4%         N/A       91%         4

Your spell library contained the following spells:

 Spells                   Type           Power      Damage    Failure   Level
 Shock                    Conj/Air       4%         1d3       41%         1
 Swiftness                Air            1%         N/A       80%         3
 Airstrike                Air            0%         2d(1-17)  99%         4
 Brom's Barrelling Bould  Conj/Erth      1%         2d3       99%         4
 Conjure Ball Lightning   Conj/Air       0%         3x3d6     100%        6


Dungeon Overview and Level Annotations

Branches:
Dungeon (7/15)             Temple (0/1) D:6

Altars:
Elyvilon
Hepliaklqana
Ru
Xom
Zin
The Shining One


Innate Abilities, Weirdness & Mutations

You can wield a second weapon in your off-hand.
It takes a long time for you to wield or remove held weapons.
Your first few attacks do less damage.
You cannot equip rings or amulets.
Your flesh is heat resistant. (rF+)
You are resistant to electric shocks. (rElec)
Your muscles are strong. (Str +4, Int/Dex -1)
You expend magic power (3 MP) to strengthen your wands.


Message History

There is a stone staircase leading up, spattered with blood here.
You take 19 damage, and have 27/69 hp.
MASSIVE DAMAGE!!
You feel very sick.
The water moccasin bites you but does no damage.
The orc closely misses you. The orc barely misses you.
You climb upwards.
* * * LOW HITPOINT WARNING * * *
You feel extremely sick.
There is a stone staircase leading down here.
You take 11 damage, and have 16/69 hp.
Okay, then.
* * * LOW HITPOINT WARNING * * *
You feel very sick.
You take 3 damage, and have 13/69 hp.
* * * LOW HITPOINT WARNING * * *
You feel very sick.
The water moccasin attacks as it pursues you!
The water moccasin bites you but does no damage. x2
You take 3 damage, and have 10/69 hp.
You feel sick.
The water moccasin attacks as it pursues you!
The water moccasin bites you but does no damage.
You take 2 damage, and have 8/69 hp.
You aren't carrying any potions.
Okay, then.
Aiming: Fastroot
Press: ? - help, Shift-Dir - straight line, f - water moccasin
Aim: a water moccasin (moderately wounded)
Okay, then.
There are monsters nearby!
You feel sick. The water moccasin closely misses you.
The water moccasin bites you but does no damage.
You begin transforming.
You continue transforming.
You feel sick. The water moccasin bites you.
* * * LOW HITPOINT WARNING * * *
You are lethally poisoned!
The water moccasin poisons you!
You continue transforming.
You die...
Xom chuckles heartily!

##..### ##..##
##.....#### ##..###
##..###....####
#.....### ##..##
####....###
##.......# ###.###
###....###.........
##..##
##.###............
##..## #.)#
##.....=..... #..##
#.## #.......รท....
#..#
#@####............
#.##
##S##.#............
###
#.o##..............
###o.##............
###..##............
#..##..............
##.##.#............
#)#####...#####...
#.# #..##.()##..


You could see a water moccasin and 2 orcs.

Vanquished Creatures
  The ghost of dogverified the Ducker, a novice MfIE of Vehumet (D:6)
  A kobold demonologist (D:6)
  Sigmund (D:3)
  A water moccasin (D:6)
  An ice beast (D:3)
  A black bear (D:6)
  An ogre (D:6)
  A phantom (D:6)
  7 kobold brigands (D:6)
  A bullfrog (D:6)
  A gnoll sergeant (D:5)
  A bombardier beetle (D:6)
  4 hounds
  An orc priest (D:3)
  2 gnoll boudas
  A jelly (D:6)
  A sleepcap (D:5)
  4 iguanas
  2 orc wizards (D:3)
  15 gnolls
  10 adders
  2 shadow imps
  2 white imps
  2 ufetubi (D:5)
  A dart slug (D:4)
  15 orcs
  3 endoplasms
  A giant cockroach (D:1)
  6 hobgoblins
  5 jackals
  9 kobolds
  6 quokkas
  6 ball pythons
  9 bats
  5 frilled lizards
  7 goblins
  5 rats
142 creatures vanquished.

Vanquished Creatures (others)
  3 kobold brigands (D:6)
3 creatures vanquished.

Grand Total: 145 creatures vanquished

Notes
Turn   | Place    | Note
-------+----------+-------------------------------------------
     0 | D:1      | ezpacito the Coglin Chaos Knight began the quest for the
                  | Orb.
     0 | D:1      | Reached XP level 1. HP: 18/18 MP: 1/1
   109 | D:1      | Reached skill level 1 in Dodging
   150 | D:1      | Reached XP level 2. HP: 24/24 MP: 2/2
   336 | D:1      | Reached XP level 3. HP: 26/29 MP: 3/3
   359 | D:1      | XOM: silly message
   764 | D:2      | Reached XP level 4. HP: 24/35 MP: 4/4
   890 | D:2      | XOM: smoke on damage
   893 | D:2      | XOM: enchant monster (good)
   956 | D:1      | XOM: noise
  1674 | D:3      | Reached skill level 1 in Polearms
  1674 | D:3      | XOM: potion effect (haste)
  1851 | D:3      | Reached XP level 5. HP: 41/41 MP: 6/6
  2074 | D:3      | Noticed Sigmund
  2075 | D:3      | Reached skill level 1 in Stealth
  2088 | D:3      | Killed Sigmund
  2089 | D:3      | Reached skill level 1 in Spellcasting
  2089 | D:3      | Reached XP level 6. HP: 21/48 MP: 7/7
  2109 | D:3      | Noticed an ice beast
  2119 | D:3      | Killed an ice beast
  2505 | D:4      | XOM: enchant monster (bad)
  2819 | D:4      | XOM: divination: detect creatures
  2822 | D:3      | Reached XP level 7. HP: 27/54 MP: 8/8
  3310 | D:4      | XOM: cloud trail
  3565 | D:4      | XOM: scenery: create altars
  3598 | D:4      | XOM: give mutations
  3598 | D:4      | Gained mutation: You are resistant to electric shocks.
                  | (rElec) [Xom's grace]
  3598 | D:4      | Gained mutation: Your muscles are strong. (Str +4, Int/Dex
                  | -1) [Xom's grace]
  3616 | D:5      | Entered Level 5 of the Dungeon
  3747 | D:5      | Reached skill level 1 in Evocations
  3779 | D:5      | XOM is BORED!
  3779 | D:5      | XOM: summons 4 hostile shadow creatures
  3886 | D:5      | Found a white marble altar of Elyvilon.
  3886 | D:5      | Found a glowing golden altar of the Shining One.
  3886 | D:5      | Found a glowing silver altar of Zin.
  3886 | D:5      | XOM: 9-stop teleportation journey
  4096 | D:5      | XOM: scenery: create altars
  4241 | D:5      | XOM: fog
  4257 | D:5      | XOM: scenery: 1 doors open
  4409 | D:5      | Reached XP level 8. HP: 61/61 MP: 10/10
  4428 | D:5      | XOM: scenery: summon butterflies
  4438 | D:5      | Found a sacrificial altar of Ru.
  4686 | D:5      | XOM: give mutation
  4686 | D:5      | Gained mutation: You expend magic power (3 MP) to
                  | strengthen your wands. [Xom's grace]
  4721 | D:6      | XOM: butterfly on damage
  4797 | D:6      | Found a hazy altar of Hepliaklqana.
  4938 | D:6      | XOM: enchant monster (good)
  5106 | D:6      | Found a staircase to the Ecumenical Temple.
  5141 | D:6      | XOM: give mutation
  5141 | D:6      | Gained mutation: Your flesh is heat resistant. (rF+) [Xom's
                  | grace]
  5217 | D:6      | Reached skill level 5 in Fighting
  5217 | D:6      | Reached skill level 5 in Axes
  5537 | D:6      | XOM: god gift: Xom's Spellbook of Limited Liability {god
                  | gift}
  5538 | D:6      | Got Xom's Spellbook of Limited Liability {god gift}
  5541 | D:6      | Learned a level 1 spell: Sting
  5544 | D:6      | Learned a level 2 spell: Mercury Vapours
  5549 | D:6      | Learned a level 4 spell: Fulminant Prism
  5554 | D:6      | Learned a level 4 spell: Olgreb's Toxic Radiance
  5737 | D:6      | Found a runed translucent gate.
  5737 | D:6      | Found a runed translucent gate.
  5737 | D:6      | Found a runed translucent gate.
  5738 | D:6      | Noticed dogverified's ghost (novice MfIE)
  5767 | D:6      | Noticed a kobold demonologist
  5977 | D:6      | Reached XP level 9. HP: 68/68 MP: 12/12
  5978 | D:6      | Killed dogverified's ghost
  5979 | D:6      | Reached skill level 1 in Alchemy
  6000 | D:6      | Reached skill level 5 in Armour
  6013 | D:6      | Killed a kobold demonologist
  6213 | D:6      | Succumbed to a water moccasin's poison

Illustrated notes

Levels and vault maps discovered:
D:1:      heliophobic_arrival_battle_scene, layout_basic
D:2:      layout_basic
D:3:      layout_loops_corners, uniq_sigmund
D:4:      layout_cave_pools
D:5:      layout_loops_corners, dreamdust_divine_triumvirate,
          nicolae_ru_great_annihilating_truth, st_stairs_3
D:6:      layout_cave_pods, mainiacjoe_overflow_chevrons,
          minmay_temple_entry_mist, gammafunk_ghost_nasty_kobolds, st_stairs_7
D:7:      layout_cave_pods, nicolae_good_shop

Skill      XL: |  1  2  3  4  5  6  7  8  9 |
---------------+----------------------------+-----
Armour         | 2 3 4 5 |  5.2
Dodging        | 1 2 3 4 |  4.8
Polearms       | 1 2 3 |  3.2
Stealth        | 1 2 3 |  3.0
Spellcasting   | 1 2 |  2.8
Fighting       | 4 5 6 |  6.0
Axes           | 4 5 6 |  6.0
Evocations     | 2 3 |  3.8
Alchemy        | 1 |  1.7

Action                     |  1- 3 |  4- 6 |  7- 9 || total
---------------------------+-------+-------+-------++-------
  Melee: Hand axe          |    45 |    69 |   170 ||   284
         War axe           |    45 |    72 |    82 ||   199
         Dagger            |     1 |       |       ||     1
         Trident           |       |       |   106 ||   106
    Use: Scroll            |       |     1 |     8 ||     9
         Potion            |       |     1 |     9 ||    10
   Stab: Sleeping          |       |     2 |       ||     2
         Petrified         |       |       |     4 ||     4
         Invisible         |       |       |    16 ||    16
         Petrifying        |       |       |     1 ||     1
         Paralysed         |       |       |     1 ||     1
 Armour: Leather armour    |    28 |    22 |       ||    50
         Chain mail        |       |    76 |   103 ||   179
         Ring mail         |       |       |   101 ||   101
  Dodge: Dodged            |    32 |    37 |   111 ||   180
   Form: Statue            |       |       |     1 ||     1

Table legend: (Time is in decaauts)
 A = Elapsed time spent in this place.
 B = Non-inter-level travel time spent in this place.
 C = Inter-level travel time spent in this place.
 D = Time resting spent in this place.
 E = Time spent auto-exploring this place.
 F = Levels seen in this place.
 G = Mean time per level.
                   A        B        C        D        E       F      G
               +--------+--------+--------+--------+--------+-----+--------+
         Total |   6260 |   6102 |    158 |    854 |   4281 |   7 |  894.3 |
       Dungeon |   6260 |   6102 |    158 |    854 |   4281 |   7 |  894.3 |
               +--------+--------+--------+--------+--------+-----+--------+

Top non-repeatable levels by time:
     D:6: 1514 daAuts
     D:3: 1421 daAuts
     D:5: 1100 daAuts
     D:2: 952 daAuts
     D:4: 684 daAuts
     D:1: 579 daAuts
     D:7: 6 daAuts
